 Dungeon Crawl Stone Soup version 0.30.1-3-gfc49f6343a (webtiles) character file.

Game seed: 7098536013933815770

198 Peloso the Trooper (level 5, -2/47 HPs)
             Began as a Minotaur Fighter on July 29, 2023.
             Killed by divine providence
             ... invoked by an orc priest
              (15 damage)
             ... on level 3 of the Dungeon.
             The game lasted 00:03:58 (2134 turns).

Peloso the Trooper (Minotaur Fighter)               Turns: 2134, Time: 00:03:59

Health: -2/47      AC: 10    Str: 21    XL:     5   Next: 47%
Magic:  4/4        EV:  8    Int:  5    God:
Gold:   1188       SH:  4    Dex: 11    Spells: 4/4 levels left

rFire   . . .        a - +0 long sword
rCold   . . .        d - +0 buckler
rNeg    . . .        q - +0 chain mail
rPois   .            (helmet restricted)
rElec   .            (no cloak)
rCorr   .            (no gloves)
SInv    .            c - +0 pair of boots
Will    .....        (no amulet) Stlth
                     (no ring)
HPRegen 0.27/turn    (no ring)
MPRegen 0.09/turn

%: no passive effects
@: no status effects
A: horns 2, retaliatory headbutt
a: no special abilities


You were on level 3 of the Dungeon.
You visited 1 branch of the dungeon, and saw 3 of its levels.

You collected 1188 gold pieces.

Inventory:

Hand Weapons
 a - a +0 long sword (weapon)
Missiles
 l - 2 throwing nets (quivered)
Armour
 b - a +0 scale mail
 c - a +0 pair of boots (worn)
 d - a +0 buckler (worn)
 q - a +0 chain mail (worn)
Jewellery
 e - a ring of magical power
Wands
 h - a wand of iceblast (8)
Scrolls
 i - a scroll of blinking
 m - a scroll of identify
 n - 3 scrolls of teleportation
Potions
 f - a potion of might
 g - a potion of cancellation
 j - a potion of flight
 k - a potion of curing {unknown}
 o - a potion of haste {unknown}
 p - a potion of magic {unknown}


   Skills:
 + Level 4.7 Fighting
 + Level 4.2 Long Blades
 + Level 4.6 Armour
 + Level 2.1 Dodging
 + Level 0.4 Stealth
 + Level 4.2 Shields


You had 4 spell levels left.
You didn't know any spells.
Your spell library contained the following spells:

 Spells                   Type           Power      Damage    Failure   Level
 Ensorcelled Hibernation  Hex/Ice        0%         N/A       100%        2
 Inner Flame              Hex/Fire       0%         N/A       100%        3
 Spider Form              Tmut/Pois      0%         N/A       100%        3
 Anguish                  Hex/Necr       0%         N/A       100%        4
 Flame Wave               Conj/Fire      0%         2d4       100%        4
 Sticky Flame             Conj/Fire      0%         2d3       100%        4


Dungeon Overview and Level Annotations

Branches:
Dungeon (3/15)

Altars:
The Shining One


Innate Abilities, Weirdness & Mutations

You have a pair of horns on your head.
You reflexively headbutt those who attack you in melee.


Message History

You miss Natasha. Your headbutt misses Natasha.
Natasha is lightly wounded.
Natasha barely misses you. You furiously retaliate!
You headbutt Natasha!
You kill Natasha!
Suddenly Natasha's spirit rises from her lifeless body.
The cerulean imp disappears in a puff of smoke! x2
Unknown command.
You block the ball python's attack. The ball python grabs you.
The ball python constricts you.
An orc comes into view. It is wielding a +0 mace.
You block the ball python's attack. The ball python constricts you.
The orc hits you but does no damage.
Things that are here:
a +0 short sword; an orc corpse You barely miss the orc.
Your headbutt misses the orc.
The ball python bites you but does no damage.
The ball python constricts you.
The orc priest looks satisfied for a moment.
The orc barely misses you. You furiously retaliate!
You headbutt the orc.
The ball python bites you but does no damage.
The ball python constricts you. The orc hits you but does no damage.
The orc priest mumbles some strange prayers to Beogh against you.
Beogh smites you!
You slash the orc!
You kill the orc!
The ball python bites you but does no damage.
The ball python constricts you. The ball python barely misses you.
The ball python constricts you. The orc hits you with a +0 mace.
* * * LOW HITPOINT WARNING * * *
The ball python bites you.
* * * LOW HITPOINT WARNING * * *
The ball python constricts you.
You escape the ball python's grasp.
You see here a ball python corpse.
Okay, then.
Okay, then.
You feel yourself speed up.
The orc priest mumbles some strange prayers to Beogh against you.
Beogh smites you!
You die...

.#
#.##..#....#
## #.##.#(##
#. #.#.# #.
#.#.#
#.##.#.##
#.......#
####.#.?#
#.#..######
#.#@.......
#†#######
#o#
.......o#
##.##..o.
.......
.##..#### ..
..# . ###


You could see an orc priest and 2 orcs.

Vanquished Creatures
  A hound (D:3)
  An orc priest (D:3)
  Natasha (D:3)
  4 gnolls
  An adder (D:2)
  3 worms
  A dart slug (D:1)
  An orc (D:3)
  6 ball pythons
  A bat (D:2)
  12 endoplasms
  2 giant cockroaches (D:2)
  3 goblins
  5 hobgoblins
  A quokka (D:2)
  3 frilled lizards (D:1)
  7 kobolds
  A rat (D:2)
54 creatures vanquished.

Vanquished Creatures (others)
  A kobold (D:1)
1 creature vanquished.

Grand Total: 55 creatures vanquished

Notes
Turn   | Place    | Note
-------+----------+-------------------------------------------
     0 | D:1      | Peloso the Minotaur Fighter began the quest for the Orb.
     0 | D:1      | Reached XP level 1. HP: 19/19 MP: 0/0
    75 | D:1      | Reached XP level 2. HP: 27/27 MP: 1/1
   639 | D:1      | Reached XP level 3. HP: 19/33 MP: 2/2
   745 | D:2      | Found a glowing golden altar of the Shining One.
   802 | D:2      | Reached skill level 1 in Dodging
   930 | D:1      | Reached XP level 4. HP: 19/41 MP: 3/3
  1117 | D:2      | Found a faded altar of an unknown god.
  1582 | D:2      | Identified a scroll of acquirement
  1582 | D:2      | Acquired 1063 gold pieces
  2041 | D:3      | Reached XP level 5. HP: 47/47 MP: 4/4
  2117 | D:3      | Noticed Natasha
  2129 | D:3      | Killed Natasha
  2134 | D:3      | Killed from afar by an orc priest

Illustrated notes

Levels and vault maps discovered:
D:1:      dpeg_arrival_leaves_temple_mockup, layout_rooms, grunt_decor_arrowhead
D:2:      layout_loops_ring, hellmonk_ecumenical_altar_lost_god, basic_altar,
          minmay_tripent
D:3:      layout_loops_ring, minmay_misc_feat_room, roderic_batcave,
          uniq_natasha

Skill      XL: |  1  2  3  4  5 |
---------------+----------------+-----
Shields        | 4 |  4.2
Fighting       | 4 |  4.7
Armour         | 4 |  4.6
Dodging        | 1 2 |  2.1
Long Blades    | 3 4 |  4.2
Stealth        | |  0.4

Action                     |  1- 3 |  4- 6 || total
---------------------------+-------+-------++-------
  Melee: Long sword        |    76 |    49 ||   125
         Headbutt          |    13 |    14 ||    27
    Use: Potion            |     3 |       ||     3
         Scroll            |     2 |     3 ||     5
   Stab: Distracted        |       |     1 ||     1
 Armour: Scale mail        |    35 |    11 ||    46
         Chain mail        |       |    10 ||    10
  Dodge: Dodged            |    38 |    23 ||    61
  Block: Buckler           |    27 |    13 ||    40
